 Dungeon Crawl Stone Soup version 0.30-a0-1157-g2cc9ac7196 (webtiles) character file.

Game seed: 6288865318638832301

298 jasper the Conjurer (level 6, -1/28 HPs)
             Began as a Spriggan Conjurer on Apr 24, 2023.
             Succumbed to a water moccasin's poison
             ... on level 5 of the Dungeon.
             The game lasted 00:05:36 (5445 turns).

jasper the Conjurer (Spriggan Conjurer)             Turns: 5445, Time: 00:05:36

Health: -1/28      AC:  6    Str:  3    XL:     6   Next: 13%
Magic:  1/11       EV: 17    Int: 22    God:
Gold:   220        SH:  0    Dex: 13    Spells: 3/10 levels left

rFire   . . .        s - +1 scimitar (elec)
rCold   . . .        (no shield)
rNeg    . . .        a - +1 robe
rPois   .            (helmet restricted)
rElec   .            f - +1 cloak
rCorr   .            (gloves unavailable)
SInv    +            (boots unavailable)
Will    +....        (no amulet)
Stlth   ++           (no ring)
HPRegen 0.24/turn    (no ring)
MPRegen 0.12/turn

%: no passive effects
@: mighty, lethally poisoned (-1 -> -14), very quick
A: very small, no large weapons, unfitting armour, see invisible, speed 3,
iridescent scales 1, deformed body
a: no special abilities


You were on level 5 of the Dungeon.
You visited 1 branch of the dungeon, and saw 5 of its levels.

You collected 220 gold pieces.

Inventory:

Hand Weapons
 c - a +1 short sword of holy wrath
 h - a +1 trident of freezing
 s - a +1 scimitar of electrocution (weapon)
Armour
 a - a +1 robe (worn)
 f - a +1 cloak (worn)
Jewellery
 e - an amulet of guardian spirit
 i - a ring of ice
Wands
 o - a wand of roots (7)
Scrolls
 g - 2 scrolls of enchant armour
 n - a scroll of poison {unknown}
 p - a scroll of noise {unknown}
 y - 2 scrolls of teleportation
Potions
 b - a potion of magic
 j - a potion of haste
 k - a potion of degeneration
 l - 2 potions of invisibility
 q - a potion of heal wounds {unknown}
 t - a potion of might
 u - a potion of berserk rage {unknown}
 v - a potion of lignification {unknown}
 x - a potion of brilliance {unknown}
 z - 2 potions of ambrosia {unknown}


   Skills:
 - Level 2.6 Dodging
 - Level 3.0 Stealth
 - Level 2.6 Spellcasting
 + Level 5.6 Conjurations


You had 3 spell levels left.
You knew the following spells:

 Your Spells              Type           Power      Damage    Failure   Level
a - Magic Dart            Conj           100%       1d8       1%          1
b - Searing Ray           Conj           54%        2d6       1%          2
c - Fulminant Prism       Conj/Hex       7%         3d6       36%         4

Your spell library contained the following spells:

 Spells                   Type           Power      Damage    Failure   Level
 Dazzling Flash           Conj/Hex       30%        N/A       12%         3
 Lesser Beckoning         Tloc           4%         N/A       19%         2
 Gell's Gravitas          Tloc           2%         N/A       36%         3
 Teleport Other           Tloc           2%         N/A       36%         3
 Iskenderun's Mystic Bla  Conj/Tloc      15%        2d5       36%         4
 Agony                    Necr           2%         N/A       98%         5
 Silence                  Hex/Air        1%         N/A       98%         5


Dungeon Overview and Level Annotations

Branches:
Dungeon (5/15)
 Temple: D:4-7

Altars:
Dithmenos
Fedhas
Hepliaklqana
Qazlal
Xom


Innate Abilities, Weirdness & Mutations

You are very small and have problems with some larger weapons.
You are too small for most types of armour.
You have supernaturally acute eyesight. (SInv)
You cover ground extremely quickly. (Speed+++)
You are partially covered in iridescent scales. (AC +2)
Armour fits poorly on your strangely shaped body.


Message History

Press: ? - help, Shift-Dir - straight line, f - water moccasin
Aim: a water moccasin (severely wounded, 66% to hit)
The searing ray hits the water moccasin.
The water moccasin is almost dead. (Press . to maintain the ray.)
The water moccasin bites you.
You are poisoned.
The water moccasin poisons you! The water moccasin misses you.
You take 3 damage, and have 17/28 hp.
You now have 1/11 mp.
The searing ray hits the water moccasin.
The water moccasin is almost dead.
You feel very sick. The water moccasin misses you.
You take 4 damage, and have 13/28 hp.
You now have 0/11 mp.
Without enough magic to sustain it, your searing ray dissipates.
You feel very sick.
The water moccasin completely misses you.
You take 3 damage, and have 10/28 hp.
You feel better. The water moccasin bites you!
The water moccasin closely misses you.
You miss the water moccasin.
The water moccasin is almost dead.
The water moccasin misses you. x2
You closely miss the water moccasin.
The water moccasin is almost dead.
The water moccasin bites you. x2
* * * LOW HITPOINT WARNING * * *
You are lethally poisoned!
The water moccasin poisons you!
You take 7 damage, and have 5/28 hp.
MASSIVE DAMAGE!!
It was a potion of might.
You feel very mighty all of a sudden.
* * * LOW HITPOINT WARNING * * *
You feel very sick. The water moccasin misses you.
You take 4 damage, and have 1/28 hp.
It was a potion of mutation.
You feel extremely strange.
Your body twists and deforms.
Iridescent scales grow over part of your body.
You die...

####....#####.#
#.......#
#.########
#.......###
#.........
#.........#
#.#..#####
#.........###.##..#
#.............###.#
#........###### #.#
#.....)..# #.#
#....@...# #.####
####..S#.# #.....
#.....# ######
###._... # #.......
..##### .#.....
....... .......
....... #......
....... .......


You could see a water moccasin.

Vanquished Creatures
  A phantom (D:5)
  A scorpion (D:5)
  An iguana (D:4)
  4 adders
  A shadow imp (D:5)
  3 worms
  A dart slug (D:1)
  8 orcs
  6 bats
  9 endoplasms
  2 giant cockroaches (D:3)
  6 goblins
  6 hobgoblins
  4 jackals
  3 quokkas
  5 ball pythons
  A frilled lizard (D:3)
  7 kobolds
  8 rats
77 creatures vanquished.

Notes
Turn   | Place    | Note
-------+----------+-------------------------------------------
     0 | D:1      | jasper the Spriggan Conjurer began the quest for the Orb.
     0 | D:1      | Reached XP level 1. HP: 9/9 MP: 5/5
    45 | D:1      | Reached skill level 3 in Conjurations
   311 | D:1      | Reached XP level 2. HP: 13/13 MP: 4/6
   314 | D:1      | Learned a level 2 spell: Searing Ray
  1738 | D:2      | Reached XP level 3. HP: 16/16 MP: 4/8
  2703 | D:3      | Reached skill level 4 in Conjurations
  2965 | D:3      | Found a hazy altar of Hepliaklqana.
  3350 | D:3      | Reached XP level 4. HP: 21/21 MP: 7/9
  3355 | D:3      | Learned a level 4 spell: Fulminant Prism
  3453 | D:3      | Found a shimmering altar of Xom.
  3738 | D:4      | Found a stormy altar of Qazlal.
  4108 | D:4      | Found a shadowy altar of Dithmenos.
  4295 | D:4      | Identified the +0 kite shield of Generosity {Dex+4}
  4701 | D:4      | Reached XP level 5. HP: 24/24 MP: 6/10
  5041 | D:5      | Entered Level 5 of the Dungeon
  5072 | D:5      | Reached skill level 5 in Conjurations
  5200 | D:5      | Noticed a phantom
  5212 | D:5      | Killed a phantom
  5213 | D:5      | Reached XP level 6. HP: 23/28 MP: 1/11
  5424 | D:5      | Found a blossoming altar of Fedhas.
  5429 | D:5      | Noticed a water moccasin
  5444 | D:5      | HP: 1/28 [poisoned by a water moccasin]
  5445 | D:5      | Gained mutation: Armour fits poorly on your strangely
                  | shaped body. [potion of mutation]
  5445 | D:5      | Gained mutation: You are partially covered in iridescent
                  | scales. (AC +2) [potion of mutation]
  5445 | D:5      | Succumbed to a water moccasin's poison

Illustrated notes

Levels and vault maps discovered:
D:1:      dpeg_arrival_signposts, layout_basic
D:2:      layout_loops_ring, supply_closet_lemuel, minivault_4,
          chequers_serial_rivers_micro_e, serial_bayou_pond_d
D:3:      layout_basic, mainiacjoe_overflow_catwalk, led_xom_imps
D:4:      layout_loops_corners, lemuel_round_altar, old_standard_altar,
          chequers_serial_rivers_micro_c, minmay_statues_item
D:5:      layout_basic, mainiacjoe_overflow_tiny_flanked,
          gammafunk_temple_overflow_pools, portal_sewer_entry_b

Skill      XL: |  1  2  3  4  5 |
---------------+----------------+-----
Conjurations   | 3 4 5 |  5.6
Dodging        | |  2.6
Stealth        | |  3.0
Spellcasting   | |  2.6

Action                     |  1- 3 |  4- 6 || total
---------------------------+-------+-------++-------
  Melee: Short sword       |     5 |       ||     5
         Trident           |     1 |       ||     1
         Scimitar          |       |    23 ||    23
         Punch             |       |     1 ||     1
   Cast: Magic Dart        |    96 |    57 ||   153
         Searing Ray       |     8 |    13 ||    21
    Use: Scroll            |     4 |     6 ||    10
         Potion            |       |     5 ||     5
 Armour: Robe              |     1 |     6 ||     7
  Dodge: Dodged            |     7 |    43 ||    50

Table legend: (Time is in decaauts)
 A = Elapsed time spent in this place.
 B = Non-inter-level travel time spent in this place.
 C = Inter-level travel time spent in this place.
 D = Time resting spent in this place.
 E = Time spent auto-exploring this place.
 F = Levels seen in this place.
 G = Mean time per level.
                   A        B        C        D        E       F      G
               +--------+--------+--------+--------+--------+-----+--------+
         Total |   4129 |   4069 |     60 |    163 |   3447 |   5 |  825.8 |
       Dungeon |   4129 |   4069 |     60 |    163 |   3447 |   5 |  825.8 |
               +--------+--------+--------+--------+--------+-----+--------+

Top non-repeatable levels by time:
     D:1: 1220 daAuts
     D:4: 1002 daAuts
     D:3: 806 daAuts
     D:2: 764 daAuts
     D:5: 334 daAuts
